 Dungeon Crawl Stone Soup version 0.30.0-11-gf55b779eaf (webtiles) character file.

Game seed: 18256783389812862840

24 dialectric the Trooper (level 2, -4/24 HPs)
             Began as a Demonspawn Fighter on May 17, 2023.
             Slain by a gnoll
             ... wielding a +0 whip
              (6 damage)
             ... on level 1 of the Dungeon.
             The game lasted 00:01:12 (1002 turns).

dialectric the Trooper (Demonspawn Fighter)         Turns: 1002, Time: 00:01:13

Health: -4/24      AC:  6    Str: 16    XL:     2   Next: 79%
Magic:  2/2        EV:  8    Int:  9    God:
Gold:   33         SH:  4    Dex: 12    Spells: 1/1 levels left

rFire   . . .        a - +0 long sword
rCold   . . .        c - +0 buckler
rNeg    . . .        b - +0 scale mail
rPois   .            (no helmet)
rElec   .            (no cloak)
rCorr   .            (no gloves)
SInv    .            (no boots)
Will    .....        (no amulet) Stlth
                     (no ring)
HPRegen 0.24/turn    (no ring)
MPRegen 0.08/turn

%: no passive effects
@: no status effects
A: powered by pain 1
a: no special abilities


You were on level 1 of the Dungeon.
You visited 1 branch of the dungeon, and saw 2 of its levels.

You collected 66 gold pieces.
You spent 33 gold pieces at shops.

Inventory:

Hand Weapons
 a - a +0 long sword (weapon)
Missiles
 i - 4 poisoned darts (quivered)
Armour
 b - a +0 scale mail (worn)
 c - a +0 buckler (worn)
Jewellery
 g - an amulet of faith
Scrolls
 e - a scroll of enchant armour {unknown}
 h - a scroll of teleportation
 j - a scroll of immolation {unknown}
Potions
 d - 2 potions of might
 f - a potion of curing {unknown}


   Skills:
 + Level 3.5 Fighting
 + Level 2.0 Long Blades
 + Level 2.9 Armour
 + Level 0.1 Dodging
 + Level 2.8 Shields


You had one spell level left.
You didn't know any spells.
Your spell library was empty.

Dungeon Overview and Level Annotations

Branches:
Dungeon (2/15)

Altars:

Shops:
D:1 :(*


Innate Abilities, Weirdness & Mutations

You sometimes gain a little power by taking damage.


Message History

The gnoll hits you with a +0 whip.
There is a stone staircase leading up here.
The gnoll hits you from afar with a +0 spear.
The gnoll closely misses you. The bat completely misses you.
You climb upwards.
There is a stone staircase leading down here.
You barely miss the gnoll. The gnoll closely misses you.
You hit the gnoll.
The gnoll is lightly wounded.
The gnoll hits you with a +0 whip. You block the gnoll's attack.
You hit the gnoll but do no damage.
The gnoll is lightly wounded.
The gnoll hits you with a +0 whip.
You closely miss the gnoll.
The gnoll is lightly wounded.
The gnoll hits you but does no damage.
You hit the gnoll.
The gnoll is moderately wounded.
The gnoll hits you but does no damage. The gnoll barely misses you.
You hit the gnoll.
The gnoll is moderately wounded.
The gnoll hits you with a +0 whip.
* * * LOW HITPOINT WARNING * * *
You slash the gnoll!
The gnoll is almost dead.
The gnoll barely misses you.
You closely miss the gnoll.
The gnoll is almost dead.
The gnoll completely misses you. The gnoll barely misses you.
You hit the gnoll.
The gnoll is almost dead.
You block the gnoll's attack.
You closely miss the gnoll.
The gnoll is almost dead.
The gnoll hits you but does no damage. The gnoll hits you with a +0 whip.
* * * LOW HITPOINT WARNING * * *
You barely miss the gnoll.
The gnoll is almost dead.
The gnoll hits you with a +0 whip.
You die...

♣♣P♣♣♣ #♣....♣
♣♣....♣♣############# ########
#♣♣..P♣♣♣#......#...... .......#
##..P.PP♣#####.#.#.#####
######.###...P♣P..♣♣..#.#.#.#
######.#...♣♣..♣PPP♣....♣.♣.#####
....##.#.####♣♣♣♣♣.♣♣...#.#....(.
..♣♣♣...........@♣P.♣...♣.♣..####
.♣♣P♣♣♣#####.#..g.......#.#..#...
#♣P.♣.♣# #.###.#.###..♣.♣..#.##
#♣....P♣ #.....#......#.#..#.#
.♣.♣..♣♣♣#######.#######♣.♣..#.#
.♣PP...♣♣.................#..#.#
.♣P♣♣♣.P♣#######.#######♣.♣..#.#
..♣♣♣P..♣ #(.....# ###...#..#.#
....♣♣..♣ #......# #...♣.♣..#.#


You could see a gnoll.

Vanquished Creatures
  2 ball pythons (D:1)
  4 endoplasms (D:1)
  2 giant cockroaches (D:1)
  3 hobgoblins (D:1)
  A quokka (D:1)
  4 bats (D:1)
  A frilled lizard (D:1)
  2 kobolds (D:1)
  2 rats (D:1)
21 creatures vanquished.

Notes
Turn   | Place    | Note
-------+----------+-------------------------------------------
     0 | D:1      | dialectric the Demonspawn Fighter began the quest for the
                  | Orb.
     0 | D:1      | Reached XP level 1. HP: 18/18 MP: 1/1
   156 | D:1      | Found Apro's Weapon Boutique.
   171 | D:1      | Gained mutation: You sometimes gain a little power by
                  | taking damage. [demonic ancestry]
   171 | D:1      | Reached XP level 2. HP: 11/24 MP: 2/2
   345 | D:1      | Found Cuto's General Store.
   350 | D:1      | Bought a scroll of teleportation for 33 gold pieces
   854 | D:1      | Found Vomor's Book Shoppe.
  1002 | D:1      | Slain by a gnoll

Illustrated notes

Levels and vault maps discovered:
D:1:      erik_arrival_triangle_medium, layout_basic, serial_forest,
          infiniplex_forest_join, infiniplex_forest_end_3,
          infiniplex_forest_lined_3, infiniplex_forest_clump_small,
          infiniplex_forest_lined_room_2, infiniplex_forest_end_3, serial_shops,
          nicolae_book_shop_shelving, shop, shop, patterned_corridor
D:2:      layout_rooms, shapermc_ecumenical_altar_ellora, basic_altar,
          uniq_jessica, uniq_natasha, uniq_crazy_yiuf_cottage

Skill      XL: |  1  2 |
---------------+-------+-----
Long Blades    | 2 |  2.0
Fighting       | |  3.5
Armour         | |  2.9
Dodging        | |  0.1
Shields        | |  2.8

Action                     || total
---------------------------++-------
  Melee: Long sword        ||    77
 Armour: Scale mail        ||    72
  Dodge: Dodged            ||    49
  Block: Buckler           ||    18
